TOP OF THE 1ST |
Saskatoon Smokin' Guns batting - Pitching for Salem Sledgehammers : RHP Tony Zamora
|
Pitching: RHP Tony Zamora
|
|
Batting: RHB Luis Suárez
|
0-0: Foul Ball, location: 2F 0-1: Foul Ball, location: 2F 0-2: SINGLE (Line Drive, 89M)
|
Pitching: RHP Tim Mendoza
|
|
Batting: RHB Mike Ratzlaff
|
0-0: Ball 1-0: Called Strike 1-1: Grounds into double play, 5-4-3 (Groundball, 5L)
|
Batting: LHB José Domínguez
|
0-0: Foul Ball, location: 2F 0-1: Foul Ball, location: 2F 0-2: Ball 1-2: Ball 2-2: Ball 3-2: Base on Balls
|
Batting: RHB Juan Alvarado
|
0-0: Called Strike 0-1: Ground out 4-3 (Groundball, 4)
|
Top of the 1st over - 0 runs, 1 hit, 0 errors, 1 left on base; Saskatoon 0 - Salem 0 |
BOTTOM OF THE 1ST |
Salem Sledgehammers batting - Pitching for Saskatoon Smokin' Guns : RHP Artie Smith
|
Pitching: RHP Artie Smith
|
|
Batting: LHB Wes Britton
|
0-0: SOLO HOME RUN (Flyball, 9LD), Distance : 407 ft
|
Batting: LHB Marvin Jones
|
0-0: Called Strike 0-1: Fly out, F7 (Line Drive, 7)
|
Batting: LHB José Rivas
|
0-0: Called Strike 0-1: Ball 1-1: Fly out, F7 (Line Drive, 78S)
|
Batting: RHB Miguel Rodríguez
|
0-0: Ball 1-0: Ball 2-0: Foul Ball, location: 2F 2-1: Fly out, F9 (Flyball, 9S)
|
Bottom of the 1st over - 1 run, 1 hit, 0 errors, 0 left on base; Saskatoon 0 - Salem 1 |
TOP OF THE 2ND |
Saskatoon Smokin' Guns batting - Pitching for Salem Sledgehammers : RHP Tim Mendoza
|
Batting: RHB Lyle Johnston
|
0-0: Ball 1-0: Called Strike 1-1: Foul Ball, location: 2F 1-2: Ball 2-2: Foul Ball, location: 2F 2-2: Foul Ball, location: 2F 2-2: Ball 3-2: SINGLE (Line Drive, 7LS)
|
Batting: RHB Roberto García
|
Pickoff Throw to First - Out! 0-0: Ball 1-0: Ball 2-0: Called Strike 2-1: Foul Ball, location: 2F 2-2: Ground out 5-3 (Groundball, 56S)
|
Batting: RHB Juan Cardenas
|
0-0: Ball 1-0: Foul Ball, location: 2F 1-1: Foul Ball, location: 2F 1-2: Ball 2-2: Foul Ball, location: 2F 2-2: Strikes out swinging
|
Top of the 2nd over - 0 runs, 1 hit, 0 errors, 0 left on base; Saskatoon 0 - Salem 1 |
BOTTOM OF THE 2ND |
Salem Sledgehammers batting - Pitching for Saskatoon Smokin' Guns : RHP Artie Smith
|
Batting: LHB Adrian Neal
|
0-0: Called Strike 0-1: Swinging Strike 0-2: Ball 1-2: Ball 2-2: Strikes out swinging
|
Batting: RHB Wilson Serrano
|
0-0: Ball 1-0: Reached on error, E5 (Groundball, 56S)
|
Batting: RHB Martín Rodríguez
|
0-0: Ball 1-0: Called Strike 1-1: Ball 2-1: Foul Ball, location: 2F 2-2: Foul Ball, location: 2F 2-2: Strikes out swinging
|
Batting: RHB José Sosa
|
0-0: Foul Ball, location: 2F 0-1: Ball 1-1: Foul Ball, location: 2F 1-2: Strikes out swinging
|
Bottom of the 2nd over - 0 runs, 0 hits, 1 error, 1 left on base; Saskatoon 0 - Salem 1 |
TOP OF THE 3RD |
Saskatoon Smokin' Guns batting - Pitching for Salem Sledgehammers : RHP Tim Mendoza
|
Batting: RHB Júlio Durán
|
0-0: Ball 1-0: Fly out, F8 (Flyball, 8RD)
|
Batting: SHB Tetsu Yamada
|
0-0: Swinging Strike 0-1: Ball 1-1: Ball 2-1: Ball 3-1: Base on Balls
|
Batting: RHB Luis Suárez
|
0-0: Ball 1-0: Ball 2-0: Ball 3-0: Base on Balls Tetsu Yamada to second
|
Batting: RHB Mike Ratzlaff
|
0-0: Ball 1-0: Grounds into double play, 6-4-3 (Groundball, 6)
|
Top of the 3rd over - 0 runs, 0 hits, 0 errors, 1 left on base; Saskatoon 0 - Salem 1 |
BOTTOM OF THE 3RD |
Salem Sledgehammers batting - Pitching for Saskatoon Smokin' Guns : RHP Artie Smith
|
Batting: RHB Gary Washington
|
0-0: Ball 1-0: Foul Ball, location: 2F 1-1: Ground out 5-3 (Groundball, 56)
|
Batting: LHB Wes Britton
|
0-0: Called Strike 0-1: Ground out 1-3 (Groundball, 13)
|
Batting: LHB Marvin Jones
|
0-0: Ball 1-0: Ball 2-0: SINGLE (Line Drive, 7LS)
|
Batting: LHB José Rivas
|
0-0: Ball 1-0: Ground out 5-3 (Groundball, 56)
|
Bottom of the 3rd over - 0 runs, 1 hit, 0 errors, 1 left on base; Saskatoon 0 - Salem 1 |
TOP OF THE 4TH |
Saskatoon Smokin' Guns batting - Pitching for Salem Sledgehammers : RHP Tim Mendoza
|
Batting: LHB José Domínguez
|
0-0: SINGLE (Groundball, 6) (infield hit)
|
Batting: RHB Juan Alvarado
|
0-0: Called Strike 0-1: Swinging Strike 0-2: Ball 1-2: Strikes out looking
|
Batting: RHB Lyle Johnston
|
0-0: Ball 1-0: Foul Ball, location: 2F 1-1: DOUBLE (Line Drive, 8RXD) José Domínguez to third Runner from 3rd tries for Home, SAFE, no throw
|
Batting: RHB Roberto García
|
0-0: Called Strike Lyle Johnston steals 3rd base 0-1: Called Strike 0-2: Foul Ball, location: 2F 0-2: Strikes out swinging
|
Batting: RHB Juan Cardenas
|
0-0: Ball Balk! Lyle Johnston scores 1-0: Called Strike 1-1: Ground out 2-3 (Groundball, 2L)
|
Top of the 4th over - 2 runs, 2 hits, 0 errors, 0 left on base; Saskatoon 2 - Salem 1 |
BOTTOM OF THE 4TH |
Salem Sledgehammers batting - Pitching for Saskatoon Smokin' Guns : RHP Artie Smith
|
Batting: RHB Miguel Rodríguez
|
0-0: Ball 1-0: Ball 2-0: Called Strike 2-1: Foul Ball, location: 2F 2-2: Strikes out swinging
|
Batting: LHB Adrian Neal
|
0-0: Called Strike 0-1: Ball 1-1: Called Strike 1-2: Fly out, F8 (Flyball, 8RD)
|
Batting: RHB Wilson Serrano
|
0-0: Ball 1-0: Ball 2-0: Ground out 6-3 (Groundball, 6)
|
Bottom of the 4th over - 0 runs, 0 hits, 0 errors, 0 left on base; Saskatoon 2 - Salem 1 |
TOP OF THE 5TH |
Saskatoon Smokin' Guns batting - Pitching for Salem Sledgehammers : RHP Tim Mendoza
|
Batting: RHB Júlio Durán
|
0-0: SINGLE (Groundball, 4) (infield hit)
|
Batting: SHB Tetsu Yamada
|
0-0: Called Strike 0-1: Ball 1-1: Ball 2-1: Swinging Strike 2-2: SINGLE (Line Drive, 9LS) Júlio Durán to second
|
Batting: RHB Luis Suárez
|
0-0: Ball Júlio Durán steals 3rd base 1-0: Ball 2-0: Ball 3-0: Called Strike 3-1: SINGLE (Groundball, 56) Júlio Durán scores Tetsu Yamada to second
|
Batting: RHB Mike Ratzlaff
|
0-0: Ball 1-0: Foul Ball, location: 2F 1-1: Reached on error, E5 (Groundball, 5S) Tetsu Yamada scores Luis Suárez to third
|
Batting: LHB José Domínguez
|
0-0: Intentional Walk
|
Pitching: RHP Lloyd Jones
|
|
Batting: RHB Juan Alvarado
|
0-0: Ball 1-0: Swinging Strike 1-1: Swinging Strike 1-2: Ball 2-2: Fly out, F9 (Flyball, 9S)
|
Batting: RHB Lyle Johnston
|
0-0: Ball 1-0: Ball 2-0: Fly out, F9 (Flyball, 9S) Runner from 3rd tags up, SCORES, throw made
|
Batting: RHB Roberto García
|
0-0: Called Strike 0-1: Ground out U3 (Groundball, 34)
|
Top of the 5th over - 3 runs, 3 hits, 1 error, 2 left on base; Saskatoon 5 - Salem 1 |
BOTTOM OF THE 5TH |
Salem Sledgehammers batting - Pitching for Saskatoon Smokin' Guns : RHP Artie Smith
|
Batting: RHB Martín Rodríguez
|
0-0: Fly out, F8 (Flyball, 8RD)
|
Batting: RHB José Sosa
|
0-0: Foul Ball, location: 2F 0-1: Called Strike 0-2: Ball 1-2: Ball 2-2: Fly out, F7 (Flyball, 78M)
|
Batting: RHB Gary Washington
|
0-0: Ground out 6-3 (Groundball, 6)
|
Bottom of the 5th over - 0 runs, 0 hits, 0 errors, 0 left on base; Saskatoon 5 - Salem 1 |
TOP OF THE 6TH |
Saskatoon Smokin' Guns batting - Pitching for Salem Sledgehammers : RHP Lloyd Jones
|
Batting: RHB Juan Cardenas
|
0-0: Ground out 3-1 (Groundball, 34S)
|
Batting: RHB Júlio Durán
|
0-0: Ground out 4-3 (Groundball, 4S)
|
Batting: SHB Tetsu Yamada
|
0-0: Called Strike 0-1: Ball 1-1: Ball 2-1: Swinging Strike 2-2: Strikes out swinging
|
Top of the 6th over - 0 runs, 0 hits, 0 errors, 0 left on base; Saskatoon 5 - Salem 1 |
BOTTOM OF THE 6TH |
Salem Sledgehammers batting - Pitching for Saskatoon Smokin' Guns : RHP Artie Smith
|
Batting: LHB Wes Britton
|
0-0: Called Strike 0-1: Swinging Strike 0-2: Ball 1-2: Strikes out swinging
|
Batting: LHB Marvin Jones
|
0-0: Called Strike 0-1: Ball 1-1: Swinging Strike 1-2: Fly out, F7 (Flyball, 7LMF)
|
Batting: LHB José Rivas
|
0-0: Ball 1-0: Ball 2-0: Called Strike 2-1: Ball 3-1: Swinging Strike 3-2: Base on Balls
|
Batting: RHB Miguel Rodríguez
|
0-0: Swinging Strike 0-1: Ball 1-1: Ball 2-1: Called Strike 2-2: Hit by Pitch José Rivas to second
|
Batting: LHB Adrian Neal
|
0-0: Ball 1-0: Ball 2-0: Foul Ball, location: 2F 2-1: Swinging Strike 2-2: Ball 3-2: Base on Balls José Rivas to third Miguel Rodríguez to second
|
Batting: RHB Wilson Serrano
|
0-0: Ball 1-0: Ball 2-0: Fielders Choice at 2nd, 6-4 (Groundball, 6)
|
Bottom of the 6th over - 0 runs, 0 hits, 0 errors, 3 left on base; Saskatoon 5 - Salem 1 |
TOP OF THE 7TH |
Saskatoon Smokin' Guns batting - Pitching for Salem Sledgehammers : RHP Lloyd Jones
|
Batting: RHB Luis Suárez
|
0-0: Called Strike 0-1: Ball 1-1: Foul Ball, location: 2F 1-2: Strikes out swinging
|
Batting: RHB Mike Ratzlaff
|
0-0: Ball 1-0: Ball 2-0: Foul Ball, location: 2F 2-1: Ball 3-1: Base on Balls
|
Batting: LHB José Domínguez
|
0-0: Ball 1-0: Called Strike 1-1: Called Strike 1-2: Ball 2-2: Foul Ball, location: 2F 2-2: DOUBLE (Groundball, 3L) Mike Ratzlaff to third
|
Batting: RHB Juan Alvarado
|
0-0: Ball 1-0: Ball Wild Pitch! Mike Ratzlaff scores José Domínguez to third 2-0: Foul Ball, location: 2F 2-1: Ball 3-1: SINGLE (Groundball, 56D) José Domínguez scores
|
Batting: RHB Lyle Johnston
|
0-0: Ball 1-0: Called Strike 1-1: Foul Ball, location: 2F 1-2: Strikes out swinging
|
Batting: RHB Roberto García
|
0-0: Ball Juan Alvarado steals 2nd base 1-0: Called Strike 1-1: Foul Ball, location: 2F 1-2: Ball 2-2: Ball 3-2: Foul Ball, location: 2F 3-2: Strikes out swinging
|
Top of the 7th over - 2 runs, 2 hits, 0 errors, 1 left on base; Saskatoon 7 - Salem 1 |
BOTTOM OF THE 7TH |
Salem Sledgehammers batting - Pitching for Saskatoon Smokin' Guns : RHP Artie Smith
|
Batting: RHB Martín Rodríguez
|
0-0: Ball 1-0: Called Strike 1-1: Ground out 5-3 (Groundball, 56)
|
Batting: RHB José Sosa
|
0-0: Fly out, F6 (Popup, 6MD)
|
Batting: RHB Gary Washington
|
0-0: Ground out 6-3 (Groundball, 6)
|
Bottom of the 7th over - 0 runs, 0 hits, 0 errors, 0 left on base; Saskatoon 7 - Salem 1 |
TOP OF THE 8TH |
Saskatoon Smokin' Guns batting - Pitching for Salem Sledgehammers : RHP Lloyd Jones
|
Batting: RHB Juan Cardenas
|
0-0: Ground out 5-3 (Groundball, 56S)
|
Batting: RHB Júlio Durán
|
0-0: SINGLE (Line Drive, 89S)
|
Batting: SHB Tetsu Yamada
|
0-0: Called Strike 0-1: Swinging Strike 0-2: Ball 1-2: Strikes out looking
|
Batting: RHB Luis Suárez
|
0-0: Ball Júlio Durán steals 2nd base 1-0: Ball 2-0: Ball 3-0: Base on Balls
|
Batting: RHB Mike Ratzlaff
|
0-0: Ball 1-0: Ball 2-0: Ball 3-0: Called Strike 3-1: Base on Balls Júlio Durán to third Luis Suárez to second
|
Batting: LHB José Domínguez
|
0-0: Fielders Choice at 2nd, 5-4 (Groundball, 5)
|
Top of the 8th over - 0 runs, 1 hit, 0 errors, 3 left on base; Saskatoon 7 - Salem 1 |
BOTTOM OF THE 8TH |
Salem Sledgehammers batting - Pitching for Saskatoon Smokin' Guns : RHP Artie Smith
|
Pitching: LHP Tony Sandoval
|
|
Batting: LHB Wes Britton
|
0-0: Foul Ball, location: 2F 0-1: Ball 1-1: Ground out 4-3 (Groundball, 4)
|
Batting: LHB Marvin Jones
|
0-0: Swinging Strike 0-1: Ball 1-1: Ball 2-1: Foul Ball, location: 2F 2-2: Ball 3-2: Foul Ball, location: 2F 3-2: Foul Ball, location: 2F 3-2: Strikes out looking
|
Batting: LHB José Rivas
|
0-0: Ball 1-0: Ball 2-0: Foul Ball, location: 2F 2-1: Fly out, F7 (Flyball, 7S)
|
Bottom of the 8th over - 0 runs, 0 hits, 0 errors, 0 left on base; Saskatoon 7 - Salem 1 |
TOP OF THE 9TH |
Saskatoon Smokin' Guns batting - Pitching for Salem Sledgehammers : RHP Lloyd Jones
|
Pitching: RHP Luis Rosado
|
|
Batting: RHB Juan Alvarado
|
0-0: Ball 1-0: DOUBLE (Line Drive, 9LM)
|
Batting: RHB Lyle Johnston
|
0-0: Called Strike 0-1: Ball 1-1: Foul Ball, location: 2F 1-2: Foul Ball, location: 2F 1-2: Ball 2-2: Foul Ball, location: 2F 2-2: Strikes out swinging
|
Batting: RHB Roberto García
|
0-0: Called Strike 0-1: Ball 1-1: Called Strike 1-2: Foul Ball, location: 2F 1-2: Ball 2-2: Strikes out swinging
|
Batting: RHB Juan Cardenas
|
0-0: Ball 1-0: Ball 2-0: Called Strike 2-1: Ball 3-1: Ground out 6-3 (Groundball, 6)
|
Top of the 9th over - 0 runs, 1 hit, 0 errors, 1 left on base; Saskatoon 7 - Salem 1 |
BOTTOM OF THE 9TH |
Salem Sledgehammers batting - Pitching for Saskatoon Smokin' Guns : LHP Tony Sandoval
|
Batting: RHB Miguel Rodríguez
|
0-0: Foul Ball, location: 2F 0-1: Foul Ball, location: 2F 0-2: Ball 1-2: SINGLE (Groundball, 6D)
|
Batting: LHB Adrian Neal
|
0-0: Called Strike 0-1: Ball 1-1: Foul Ball, location: 2F 1-2: Strikes out swinging
|
Batting: RHB Wilson Serrano
|
0-0: Called Strike 0-1: Ball 1-1: Foul Ball, location: 2F 1-2: Strikes out looking
|
Batting: RHB Martín Rodríguez
|
0-0: Ball 1-0: Called Strike 1-1: Ball 2-1: Foul Ball, location: 2F 2-2: Foul Ball, location: 2F 2-2: Fielders Choice at 2nd, 6-4 (Groundball, 6)
|
Bottom of the 9th over - 0 runs, 1 hit, 0 errors, 1 left on base; Saskatoon 7 - Salem 1 |
|